 Dungeon Sprint DCSS version 0.22-a0-605-g9281fa2 (webtiles) character file.

12894 George the Fighter (level 11, -6/111 HPs)
             Began as a Minotaur Fighter on July 8, 2018.
             Was the Champion of the Shining One.
             Mangled by a sun demon (17 damage)
             ... summoned by an orc high priest
             ... in the Dungeon (Sprint IX: "|||||||||||||||||||||||||||||").
             The game lasted 00:06:02 (1752 turns).

George the Fighter (Minotaur Fighter)               Turns: 1752, Time: 00:06:03

Health: -6/111     AC: 20    Str: 23    XL:     11   Next: 68%
Magic:  17/18      EV: 13    Int:  5    God:    the Shining One [******]
Gold:   1273       SH: 24    Dex: 11    Spells: 10/10 levels left

rFire    . . .     SeeInvis +   o - +2 scimitar (flame)
rCold    . . .     Gourm    .   c - +0 shield
rNeg     + + +     Faith    .   b - +0 plate armour
rPois    .         Spirit   .   u - +2 hat {SInv}
rElec    .         Reflect  .   (no cloak)
rCorr    .         Harm     .   (no gloves)
MR       .....     NoTele   +   a - +0 pair of boots
Stlth    ..........             (no amulet)
HPRegen  0.28/turn              (no ring)
MPRegen  0.16/turn              (no ring)

@: divine shield, glowing
A: retaliatory headbutt, horns 2
a: Divine Shield, Cleansing Flame, Summon Divine Warrior, Brand Weapon With Holy
Wrath, Renounce Religion


You were in the Dungeon.
You worshipped the Shining One.
The Shining One was exalted by your worship.
You were not hungry.

You visited 1 branch You collected 1273 gold pieces.

Inventory:

Hand Weapons
 o - a +2 scimitar of flaming (weapon)
Armour
 a - a +0 pair of boots (worn)
 b - a +0 plate armour (worn)
 c - a +0 shield (worn)
 u - a +2 hat of see invisible (worn)
Wands
 n - a wand of acid (10)
Scrolls
 k - 2 scrolls of blinking
 l - 4 scrolls of remove curse
 m - 2 scrolls of amnesia
 p - 2 scrolls of fear
 q - a scroll of identify
 r - a scroll of fog
 s - 4 scrolls of enchant armour
Potions
 d - a potion of might
 e - 6 potions of curing
 g - 9 potions of heal wounds
 h - a potion of haste
 i - 4 potions of magic
 j - a potion of agility
 t - a potion of brilliance
Comestibles
 f - 11 rations
 v - 2 chunks of flesh


   Skills:
 + Level 14.6 Fighting
 - Level 14.1 Long Blades
 + Level 14.6 Armour
 + Level 13.2 Dodging
 + Level 14.6 Shields
 + Level 11.7 Invocations


You had 10 spell levels left.
You didn't know any spells.
Your spell library was empty.

Dungeon Overview and Level Annotations

Branches:
Dungeon (1/1)

Altars:
Cheibriados
Dithmenos
Elyvilon
Fedhas
Gozag
Hepliaklqana
Kikubaaqudgha
Makhleb
Nemelex Xobeh
Okawaru
Qazlal
Ru
Sif Muna
Trog
Uskayaw
Vehumet
Wu Jian
Xom
Yredelemnul
Zin
The Shining One
Beogh
Jiyva
Lugonu

Shops:
D *


Innate Abilities, Weirdness & Mutations

You reflexively headbutt those who attack you in melee.
You have a pair of horns on your head.


Message History

The sun demon hits you.
You are engulfed in flames!
The orc high priest prays to Beogh.
The orc high priest mumbles some strange prayers to Beogh.
The orc high priest mumbles some strange prayers to Beogh against you.
Beogh smites you!
* * * LOW HITPOINT WARNING * * *
The orc priest casts a cantrip, but nothing happens.
You hit the sun demon.
The sun demon is heavily wounded.
You block the sun demon's attack.
The orc high priest prays to Beogh.
The orc high priest mumbles some strange prayers to Beogh against you.
Beogh smites you!
* * * LOW HITPOINT WARNING * * *
You hit the sun demon but do no damage. Your headbutt misses the sun demon.
The sun demon is heavily wounded.
The sun demon hits you.
* * * LOW HITPOINT WARNING * * *
You are engulfed in flames!
You die...

▓▓▓▓▓▓▓▓▓▓▓▓▓▓▓▓▓▓▓▓▓▓▓▓
3ooooo3@.....[[[[[[[(...
▓▓▓▓▓▓▓▓▓▓▓▓▓▓▓▓▓▓▓▓▓▓▓▓▓▓▓▓▓▓▓▓▓
.................................
▓▓▓▓▓▓▓▓▓▓▓▓▓▓▓▓▓▓▓▓▓▓▓▓▓▓▓▓▓▓▓▓▓
..'.[(.........†.........†.......
▓▓▓▓▓▓▓▓▓▓▓▓▓▓▓▓▓▓▓▓▓▓▓▓▓▓▓▓▓▓▓▓▓
.................................
▓▓▓▓▓▓▓▓▓▓▓▓▓▓▓▓▓▓▓▓▓▓▓▓▓▓▓▓▓▓▓▓▓
(...)[==[.[)|.!'_________________


You could see a soul eater, 3 orc high priests, a sun demon and 2 orc priests.

Vanquished Creatures
  Gastronok (D)
  A hydra (D)
  7 death yaks (D)
  An unseen horror (D)
  A cyclops (D)
  An orc sorcerer (D)
  A manticore (D)
  2 black mambas (D)
  2 spiny frogs (D)
  A komodo dragon (D)
  A blink frog (D)
  A wraith (D)
  A basilisk (D)
  A yak (D)
  A steam dragon (D)
  A water moccasin (D)
  2 porcupines (D)
  14 orc warriors (D)
  A wolf (D)
  4 crocodiles (D)
  3 bullfrogs (D)
  A crimson imp (D)
  A jelly (D)
  3 orc priests (D)
  6 orc wizards (D)
  An iguana (D)
  A worker ant (D)
  An adder (D)
  5 orcs (D)
  A bat zombie (D)
  A bat (D)
  3 frilled lizards (D)
  A giant cockroach zombie (D)
  A goblin (D)
  A rat (D)
75 creatures vanquished.

Notes
Turn   | Place    | Note
-------+----------+-------------------------------------------
     0 | D        | George the Minotaur Fighter began the quest for the Orb.
     0 | D        | Reached XP level 1. HP: 19/19 MP: 0/0
    17 | D        | Noticed a worker ant
    17 | D        | Noticed an iguana
    17 | D        | Noticed an orc priest
    17 | D        | Noticed a jelly
    20 | D        | Killed a jelly
    20 | D        | Reached XP level 2. HP: 28/28 MP: 1/1
    20 | D        | Reached XP level 3. HP: 34/34 MP: 2/2
    22 | D        | Reached skill level 5 in Fighting
    22 | D        | Reached skill level 5 in Long Blades
    22 | D        | Reached skill level 5 in Armour
    22 | D        | Reached skill level 5 in Shields
    24 | D        | Reached XP level 4. HP: 32/42 MP: 3/3
    56 | D        | Found a roughly hewn altar of Beogh.
    56 | D        | Found a snail-covered altar of Cheibriados.
    56 | D        | Found a shadowy altar of Dithmenos.
    56 | D        | Found a white marble altar of Elyvilon.
    56 | D        | Found a blossoming altar of Fedhas.
    56 | D        | Found an opulent altar of Gozag.
    57 | D        | Found a hazy altar of Hepliaklqana.
    58 | D        | Found a viscous altar of Jiyva.
    59 | D        | Found an ancient bone altar of Kikubaaqudgha.
    60 | D        | Found a corrupted altar of Lugonu.
    61 | D        | Found a burning altar of Makhleb.
    62 | D        | Found a sparkling altar of Nemelex Xobeh.
    63 | D        | Found an iron altar of Okawaru.
    64 | D        | Found a stormy altar of Qazlal.
    65 | D        | Found a sacrificial altar of Ru.
    66 | D        | Found a deep blue altar of Sif Muna.
    67 | D        | Found a bloodstained altar of Trog.
    68 | D        | Found a hide-covered altar of Uskayaw.
    69 | D        | Found a radiant altar of Vehumet.
    70 | D        | Found an ornate altar of the Wu Jian Council.
    71 | D        | Found a shimmering altar of Xom.
    72 | D        | Found a basalt altar of Yredelemnul.
    73 | D        | Found a glowing silver altar of Zin.
    74 | D        | Found a glowing golden altar of the Shining One.
    82 | D        | Became a worshipper of the Shining One
   167 | D        | Noticed an orc warrior
   167 | D        | Reached * piety under the Shining One
   167 | D        | Noticed a steam dragon
   167 | D        | Noticed an orc warrior
   171 | D        | Killed an orc warrior
   171 | D        | Reached XP level 5. HP: 51/51 MP: 3/5
   173 | D        | Reached ** piety under the Shining One
   179 | D        | Killed a steam dragon
   179 | D        | Reached skill level 5 in Dodging
   179 | D        | Reached XP level 6. HP: 47/60 MP: 3/7
   185 | D        | Killed an orc warrior
   186 | D        | Reached skill level 10 in Long Blades
   289 | D        | Noticed a cyclops
   289 | D        | Noticed a manticore
   289 | D        | Reached *** piety under the Shining One
   289 | D        | Noticed a wraith
   289 | D        | Noticed an unseen horror
   290 | D        | Reached **** piety under the Shining One
   301 | D        | Killed a wraith
   301 | D        | Reached XP level 7. HP: 62/68 MP: 9/9
   311 | D        | Killed an unseen horror
   311 | D        | Reached skill level 5 in Invocations
   311 | D        | Reached XP level 8. HP: 68/78 MP: 9/11
   315 | D        | Killed a manticore
   322 | D        | Killed a cyclops
   322 | D        | Reached skill level 10 in Fighting
   322 | D        | Reached skill level 10 in Armour
   322 | D        | Reached skill level 10 in Shields
   322 | D        | Reached XP level 9. HP: 39/85 MP: 10/13
   621 | D        | Noticed a black mamba
   621 | D        | Noticed a spiny frog
   621 | D        | Reached ***** piety under the Shining One
   623 | D        | Noticed a komodo dragon
   630 | D        | Killed a spiny frog
   642 | D        | Killed a black mamba
   650 | D        | Killed a komodo dragon
   937 | D        | Noticed a spiny frog
   937 | D        | Noticed a four-headed hydra
   942 | D        | Noticed a black mamba
   945 | D        | Killed a one-headed hydra
   945 | D        | Reached skill level 10 in Dodging
   945 | D        | Reached XP level 10. HP: 57/96 MP: 10/15
   952 | D        | Killed a spiny frog
   961 | D        | Killed a black mamba
  1110 | D        | Noticed a death yak
  1110 | D        | Noticed a death yak
  1110 | D        | Noticed a death yak
  1110 | D        | Noticed a death yak
  1110 | D        | Noticed a death yak
  1110 | D        | Noticed a death yak
  1110 | D        | Reached ****** piety under the Shining One
  1115 | D        | Noticed a death yak
  1117 | D        | Killed a death yak
  1122 | D        | Killed a death yak
  1128 | D        | Killed a death yak
  1128 | D        | Reached skill level 10 in Invocations
  1138 | D        | Killed a death yak
  1144 | D        | Killed a death yak
  1144 | D        | Reached XP level 11. HP: 83/107 MP: 15/17
  1154 | D        | Killed a death yak
  1163 | D        | Killed a death yak
  1324 | D        | Noticed Gastronok
  1342 | D        | Killed Gastronok
  1645 | D        | Noticed an orc sorcerer
  1663 | D        | Killed an orc sorcerer
  1741 | D        | Found Meoff's Assorted Antiques.
  1741 | D        | Noticed an orc high priest
  1741 | D        | Noticed an orc high priest
  1742 | D        | Noticed an orc high priest
  1744 | D        | Noticed a soul eater
  1748 | D        | Noticed a sun demon
  1752 | D        | Mangled by a sun demon

Vault maps used:
D:        linesprint

Skill      XL: |  1  2  3  4  5  6  7  8  9 10 11 |
---------------+----------------------------------+-----
Long Blades    | 4 6 8 9 10 11 13 14 | 14.1
Fighting       | 4 5 6 7 8 9 10 11 13 14 | 14.6
Armour         | 4 5 6 7 8 9 10 11 13 14 | 14.6
Dodging        | 2 3 4 5 6 7 8 10 12 13 | 13.2
Shields        | 4 5 6 7 8 9 10 11 13 14 | 14.6
Invocations    | 2 3 4 5 6 8 10 11 | 11.7

Action                   |  1- 3 |  4- 6 |  7- 9 | 10-12 || total
-------------------------+-------+-------+-------+-------++-------
Melee: Long sword        |    12 |     2 |       |       ||    14
       Headbutt          |     2 |     8 |    11 |    51 ||    72
       Scimitar          |       |    29 |    63 |   185 ||   277
Invok: Divine Shield     |       |       |     2 |     4 ||     6
  Use: Potion            |     1 |       |       |       ||     1
  Eat: Chunk             |       |       |       |     4 ||     4
Armor: Scale mail        |     2 |       |       |       ||     2
       Ring mail         |       |     5 |       |       ||     5
       Plate armour      |       |     1 |    15 |    10 ||    26
Dodge: Dodged            |     3 |     8 |     8 |    17 ||    36
Block: Shield            |     4 |    15 |    40 |    95 ||   154
       Rpst.: Long sword |     1 |       |       |       ||     1
       Scimitar          |       |     2 |     2 |     1 ||     5

Table legend:
 A = Spawn XP
 B = Non-spawn XP
 C = Spawn XP percentage of total XP
 D = Spawn monster count
 E = Non-spawn monster count
 F = Spawn count percentage of total count
 G = Total turns spent on level
                    A         B        C        D         E        F      G
               +---------+---------+-------+---------+---------+-------+---------
         Total |       0 |   18420 |   0.0 |       0 |      75 |   0.0 |  1752
               +---------+---------+-------+---------+---------+-------+---------
             D |       0 |   18420 |   0.0 |       0 |      75 |   0.0 |  1752
               +---------+---------+-------+---------+---------+-------+---------
